[Event "Late-Titled-Tuesday-Blitz-April-30-2024"]
[Site "Chess.com"]
[Date "2024.04.30"]
[Round "11"]
[White "balack95"]
[Black "Kostukov_Alex"]
[Result "1-0"]
[WhiteElo "2498"]
[BlackElo "2372"]
[TimeControl "180+1"]
[EndTime "16:03:00 PDT"]
[Termination "balack95 won on time"]

1. Nf3 c5 2. c4 g6 3. g3 Bg7 4.
Bg2 Nf6 5. O-O Kf8 6. d4 cxd4 7. Nxd4 h6 8. Nc3 Kg8 9. e4 d6 10. h3 Kh7 11. Be3 Nc6 12. Rc1 Rf8 13. b3 Bd7 14. f4 Nxd4 15. Bxd4 Bc6 16. g4 Qa5 17. Rf2 e5 18. Be3 exf4 19. Bxf4 Rfd8 20. Nd5 Bxd5 21. exd5 Qb6 22. Qf3 Nd7 23. Kh2 Be5 24. Re1 Qd4 25. Re4 Qa1 26. Bxe5 Nxe5 27. Qf6 Rd7 28. c5 Re8 29. c6 Rc7 30. Qxd6 Rce7 31. Rxf7+ 1-0

[Event "Late-Titled-Tuesday-Blitz-April-30-2024"]
[Site "Chess.com"]
[Date "2024.04.30"]
[Round "11"]
[White "AryanTari"]
[Black "grandmastergauri"]
[Result "1-0"]
[WhiteElo "2989"]
[BlackElo "2735"]
[TimeControl "180+1"]
[EndTime "16:03:01 PDT"]
[Termination "AryanTari won on time"]

1. e4 e5 2. Nf3 Nc6 3. d4 exd4 4. Nxd4 Nf6 5. Nxc6 bxc6 6. Nd2 g6 7. b3 Bg7 8. Bb2 O-O 9. Bd3 d6 10. O-O Re8 11.
h3 a5 12. c3 d5 13. Qc2 Be6 14. c4 dxe4 15. Nxe4 Nxe4 16. Bxe4 Bxb2 17. Qxb2 Bxc4 18. Bxc6 Bxf1 19. Rxf1 Qd6 20. Bxa8 Rxa8 21. Qc2 Rd8 22. Rc1 Rd7 23. Qc4 Qf6 24. Rf1 Rd2 25. a4 Qd6 26. Qc3 Qb4 27. Qxc7 Qxb3 28. Qxa5 Ra2 29. Qd8+ Kg7 30. Qd4+ f6 31. Re1 Qxa4 32.
Re7+ 1-0

[Event "Late-Titled-Tuesday-Blitz-April-30-2024"]
[Site "Chess.com"]
[Date "2024.04.30"]
[Round "11"]
[White "samidescalona2002"]
[Black "NoSpaghettiForYou"]
[Result "1-0"]
[WhiteElo "2764"]
[BlackElo "2518"]
[TimeControl "180+1"]
[EndTime "16:03:10 PDT"]
[Termination "samidescalona2002 won by resignation"]

1. Nf3 d5 2. d3 Nf6 3. Nbd2 e6 4. g3 Be7 5. Bg2 O-O 6. O-O a5 7. e4 a4 8. a3 Nc6 9. Re1 Ra5 10.
e5 Nd7 11. c3 f6 12. exf6 Bxf6 13. d4 e5 14. Nf1 exd4 15. cxd4 Nb6 16. Bd2 Rb5 17. Bc3 Bf5 18. Ne3 Be4 19. Ng4 Be7 20.
Nfe5 Nxe5 21. Nxe5 Bxg2 22. Kxg2 c5 23. Qg4 c4 24. Qe6+ Kh8 25. Nf7+ Rxf7 26. Qxf7 Nc8 27. Re6 Rb6 28. Rxb6 Qxb6 29. Qe8+ 1-0

[Event "Late-Titled-Tuesday-Blitz-April-30-2024"]
[Site "Chess.com"]
[Date "2024.04.30"]
[Round "11"]
[White "JiangoFett"]
[Black "Mikhail_Golubev"]
[Result "1-0"]
[WhiteElo "2492"]
[BlackElo "2585"]
[TimeControl "180+1"]
[EndTime "16:03:20 PDT"]
[Termination "JiangoFett won on time"]

1. c4 g6 2. d4 Bg7 3. e4 d6 4. Ne2 Nf6 5. Nbc3 Nbd7 6. f3 O-O 7. Be3 a6 8. Qd2 b5 9. cxb5 axb5 10. Nxb5 c6 11. Nbc3 e5 12. dxe5 Nxe5 13. Nd4 d5 14. exd5 Nxd5 15. Nxd5 cxd5 16. Be2 Ba6 17. O-O Bxe2 18.
Qxe2 Nc4 19. Bf2 Re8 20. Qd3 Nxb2 21. Qb3 Nc4 22. Rad1 Ra3 23. Qb5 Rxa2 24. Nc6 Qf6 25. Nb4 Rxf2 26. Qxe8+ Bf8 27. Rxf2 Ne3 28. Nxd5 1-0

[Event "Late-Titled-Tuesday-Blitz-April-30-2024"]
[Site "Chess.com"]
[Date "2024.04.30"]
[Round "11"]
[White "Casablanca"]
[Black "sergiochess83"]
[Result "1/2-1/2"]
[WhiteElo "2656"]
[BlackElo "2906"]
[TimeControl "180+1"]
[EndTime "16:03:25 PDT"]
[Termination "Game drawn by repetition"]

1. d4 d5 2. c4 c6 3. Nf3 Nf6 4. cxd5 cxd5 5. Nc3 Nc6 6. Ne5 Qb6 7. Nxc6 bxc6 8. e3 Bf5 9. Be2 e6 10. O-O Bd6 11.
h3 O-O 12. Na4 Qc7 13. Bd2 Ne4 14. Rc1 Rab8 15. Bf3 Rb5 16. Bxe4 Bxe4 17. Bc3 Qd7 18. Nc5 Bxc5 19. dxc5 f6 20. b4 e5 21. f4 Re8 22.
fxe5 fxe5 23. Qh5 Bg6 24. Qg5 Qe6 25. Rf2 h6 26. Qg3 Rb7 27. Rcf1 Kh7 28. Rf8 Rbb8 29. Rxe8 Rxe8 30. Kh2 a6 31. a3 Bd3 32. Rf2 Be4 33.
Bb2 Bg6 34. Bc3 Be4 35. Bb2 Bg6 36. Bc3 Be4 1/2-1/2

[Event "Late-Titled-Tuesday-Blitz-April-30-2024"]
[Site "Chess.com"]
[Date "2024.04.30"]
[Round "11"]
[White "kylelancman"]
[Black "Rodalquilar"]
[Result "0-1"]
[WhiteElo "2506"]
[BlackElo "2679"]
[TimeControl "180+1"]
[EndTime "16:03:25 PDT"]
[Termination "Rodalquilar won by resignation"]

1. e4 d5 2. exd5 Qxd5 3. Nc3 Qa5 4. d4 Nf6 5. Bc4 Bg4 6. f3 Bd7 7. Ne2 e6 8. Bf4 Bd6 9. Bxd6 cxd6 10. Qd2 d5 11.
Bd3 Nc6 12. Nb5 Qxd2+ 13. Kxd2 Ke7 14. c3 h5 15. h4 Rhc8 16. Na3 a6 17. Nc2 Na5 18.
b3 Rc7 19. Rac1 Rac8 20. Ne3 b5 21. Nf4 Nb7 22. Rhe1 Kf8 23. Rc2 Nd6 24. Rec1 a5 25. g4 hxg4 26. Nxg4 Ke7 27. Nxf6 gxf6 28. Re1 Bc6 29.
h5 Rh8 30. Rg1 e5 31. Re1 a4 32. dxe5 fxe5 33. Rxe5+ Kf6 34. Rxd5 Rd8 35. h6 Rcc8 36. Rh5 Bxf3 37. Rh3 Bg4 38. Rh4 Bf5 39. Ke3 Bxd3 40. Nxd3 Nf5+ 0-1

[Event "Late-Titled-Tuesday-Blitz-April-30-2024"]
[Site "Chess.com"]
[Date "2024.04.30"]
[Round "11"]
[White "Roedor"]
[Black "scandalgod"]
[Result "0-1"]
[WhiteElo "2378"]
[BlackElo "2503"]
[TimeControl "180+1"]
[EndTime "16:03:25 PDT"]
[Termination "scandalgod won by checkmate"]

1. Nf3 d5 2. c4 c6 3. d4 Nf6 4. Nc3 dxc4 5. e4 b5 6. e5 Nd5 7.
a4 e6 8. Ng5 Bb4 9. Bd2 Nxc3 10. bxc3 Bxc3 11. Bxc3 Qxg5 12. Bb4 a5 13. Bd6 Nd7 14. h4 Qf4 15. Rh3 Nb6 16. Rf3 Qe4+ 17. Re3 Qxh4 18. Qf3 Nd5 19. axb5 cxb5 20. Re4 Qd8 21.
Rg4 g6 22. Rb1 Ba6 23. Qh3 f5 24. Rxg6 hxg6 25. Qxh8+ Kd7 26. Qg7+ Kc6 27. Qxg6 Qh4 28. Qxe6 Qe4+ 29. Be2 Qxb1+ 30. Kd2 c3# 0-1

[Event "Late-Titled-Tuesday-Blitz-April-30-2024"]
[Site "Chess.com"]
[Date "2024.04.30"]
[Round "11"]
[White "Zhigalko_Sergei"]
[Black "Bryanl106"]
[Result "1-0"]
[WhiteElo "2877"]
[BlackElo "2688"]
[TimeControl "180+1"]
[EndTime "16:03:31 PDT"]
[Termination "Zhigalko_Sergei won by resignation"]

1. e4 e5 2. Nf3 Nc6 3. Bc4 Nf6 4.
d3 Bc5 5. O-O d6 6. Nbd2 O-O 7.
c3 a5 8. h3 h6 9. Re1 Re8 10. Nf1 Be6 11. Bb5 Bb6 12. Ng3 Bd7 13. Ba4 Ne7 14. Bc2 Ng6 15. d4 Bc6 16. Be3 d5 17.
exd5 Nxd5 18. Bxg6 exd4 19. Bxf7+ Kxf7 20. Bxd4 Rxe1+ 21. Qxe1 Bxd4 22. Nxd4 Qd7 23. Rd1 Re8 24. Qd2 Nf6 25. Nxc6 Qxc6 26. Qf4 Kg8 27. Nf5 Qe4 28. Nxh6+ Kh7 29.
Qxe4+ Rxe4 30. Ng4 Nxg4 31. hxg4 Rxg4 32. Rd7 Rc4 33. Kf1 a4 34. Rd4 Rxd4 35. cxd4 Kg6 36. Ke2 Kf5 37. Ke3 g5 38. f3 c6 39. g4+ Kf6 40. f4 b5 41. f5 Kf7 42. a3 Ke7 43. Kd3 1-0

[Event "Late-Titled-Tuesday-Blitz-April-30-2024"]
[Site "Chess.com"]
[Date "2024.04.30"]
[Round "11"]
[White "jefferyx"]
[Black "LyonBeast"]
[Result "1-0"]
[WhiteElo "3121"]
[BlackElo "3114"]
[TimeControl "180+1"]
[EndTime "16:03:35 PDT"]
[Termination "jefferyx won by resignation"]

1. e4 c5 2. Nf3 Nc6 3. Bb5 e6 4.
O-O Nge7 5. d4 cxd4 6. Nxd4 Ng6 7. Be3 Qc7 8. Be2 a6 9. c4 Nf4 10. Nc3 Nxe2+ 11. Qxe2 Be7 12. Rac1 O-O 13. Rfd1 Re8 14. Qd2 Ne5 15. b3 d6 16. h3 Bd7 17. Nde2 Rac8 18. c5 dxc5 19. f4 Bc6 20. fxe5 Qxe5 21. Bf4 Qh5 22. Ng3 Qg6 23. Qf2 h5 24. Bd6 Bg5 25.
Bf4 Be7 26. Nf1 Red8 27. Nd2 Bf6 28. Be3 Rd3 29. Ne2 Rcd8 30. Nf4 Rxd2 31. Rxd2 Rxd2 32.
Qxd2 Qxe4 33. Nxh5 Be5 34. Rxc5 Bd5 35. Nf4 Bc6 36.
Qd8+ Kh7 37. Qd3 Qxd3 38. Nxd3 Bd6 39. Rxc6 bxc6 40. Bc5 1-0

[Event "Late-Titled-Tuesday-Blitz-April-30-2024"]
[Site "Chess.com"]
[Date "2024.04.30"]
[Round "11"]
[White "Binary010"]
[Black "CrushingKings"]
[Result "1-0"]
[WhiteElo "2892"]
[BlackElo "2631"]
[TimeControl "180+1"]
[EndTime "16:03:35 PDT"]
[Termination "Binary010 won by resignation"]

1. d4 g6 2. e4 Bg7 3. Nc3 c6 4. f4 d5 5. e5 Nh6 6. Nf3 f6 7. Be3 Bg4 8. h3 Bxf3 9. Qxf3 O-O 10. exf6 Rxf6 11. O-O-O Qd6 12. g4 Rf7 13. Kb1 Nd7 14.
h4 Raf8 15. Qe2 Nb6 16. h5 Nc4 17. Bc1 Qb4 18. hxg6 hxg6 19. g5 Ng4 20. Bh3 Nge3 21. Rd2 Bxd4 22. Qd3 Kg7 23. Qxd4+ 1-0

[Event "Late-Titled-Tuesday-Blitz-April-30-2024"]
[Site "Chess.com"]
[Date "2024.04.30"]
[Round "11"]
[White "luggevoila"]
[Black "shirovin"]
[Result "1-0"]
[WhiteElo "2317"]
[BlackElo "2076"]
[TimeControl "180+1"]
[EndTime "16:03:35 PDT"]
[Termination "luggevoila won on time"]

1. e4 c5 2. Nf3 d6 3. c3 Nf6 4. Be2 e5 5. O-O Be7 6. d4 exd4 7. cxd4 Nxe4 8. Re1 O-O 9. Bd3 Nf6 10. Nc3 Nc6 11. h3 Nb4 12. Bb1 b6 13. a3 Nc6 14.
d5 Na5 15. b4 Nb7 16. Bg5 h6 17.
Bh4 Nxd5 18. Rxe7 Nxe7 19. Nd5 f6 20. Qd3 Nxd5 21. Qxd5+ Rf7 22. Bg6 Qf8 23. Re1 Rb8 24.
Bxf7+ Qxf7 25. Re8+ 1-0

[Event "Late-Titled-Tuesday-Blitz-April-30-2024"]
[Site "Chess.com"]
[Date "2024.04.30"]
[Round "11"]
[White "Adar_07"]
[Black "DeArron_Fox"]
[Result "1-0"]
[WhiteElo "2730"]
[BlackElo "2529"]
[TimeControl "180+1"]
[EndTime "16:03:36 PDT"]
[Termination "Adar_07 won by resignation"]

1. d4 d5 2. Nc3 Nf6 3. Bf4 a6 4. e3 c5 5. dxc5 e6 6. Na4 Bxc5 7. Nxc5 Qa5+ 8. c3 Qxc5 9. Qd4 Qe7 10. Bxb8 Rxb8 11. Nf3 O-O 12. Bd3 Re8 13. Ne5 Nd7 14. h4 f6 15. Nxd7 Bxd7 16. O-O-O b5 17. h5 Rec8 18. Kb1 Bc6 19. Qg4 Kh8 20. Rh4 b4 21. c4 f5 22. Qg3 dxc4 23. Rxc4 Bb5 24.
Rd4 e5 25. Rd5 Rd8 26. Bxb5 axb5 27. Qxe5 Qf8 28. h6 Kg8 29. Rxd8 Rxd8 30. Rxd8 1-0

[Event "Late-Titled-Tuesday-Blitz-April-30-2024"]
[Site "Chess.com"]
[Date "2024.04.30"]
[Round "11"]
[White "shimastream"]
[Black "superchess02"]
[Result "1-0"]
[WhiteElo "3039"]
[BlackElo "2874"]
[TimeControl "180+1"]
[EndTime "16:03:37 PDT"]
[Termination "shimastream won by resignation"]

1. b3 d5 2. Bb2 c5 3. e3 a6 4. Nf3 Nc6 5. d4 Nf6 6. dxc5 Bg4 7. a3 e5 8. Be2 Bxf3 9. Bxf3 Bxc5 10. b4 Ba7 11. c4 e4 12. Be2 d4 13. exd4 Bxd4 14.
Nc3 e3 15. fxe3 Bxe3 16. Nd5 Nxd5 17. cxd5 Nd4 18. Qd3 Qe7 19. d6 Qe5 20. Rd1 Qf4 21. Rf1 Qh4+ 22. g3 Qxh2 23. Qxe3+ Ne6 24. d7+ Ke7 25.
Bxg7 Rhg8 26. Bf6+ Kf8 27. d8=Q+ Rxd8 28. Rxd8+ 1-0

[Event "Late-Titled-Tuesday-Blitz-April-30-2024"]
[Site "Chess.com"]
[Date "2024.04.30"]
[Round "11"]
[White "oskariot"]
[Black "Polish_fighter3000"]
[Result "0-1"]
[WhiteElo "2763"]
[BlackElo "3072"]
[TimeControl "180+1"]
[EndTime "16:03:38 PDT"]
[Termination "Polish_fighter3000 won by resignation"]

1. e4 Nf6 2. e5 Nd5 3. d4 d6 4. Nf3 dxe5 5. Nxe5 c6 6. Be2 Bf5 7. O-O e6 8. c4 Nb4 9. Nc3 Nc2 10. g4 Nxa1 11. gxf5 Nd7 12. Bf4 exf5 13. Qd2 Nxe5 14.
Bxe5 Bd6 15. Bxd6 Qxd6 16. Qe3+ Kf8 17. Rxa1 h5 18. c5 Qf6 19. Bf3 g5 20. Re1 g4 21.
Bd1 Rd8 22. Qe5 Rh6 23. Bc2 Qxe5 24. dxe5 f4 25. Bf5 Rd2 26. Ne4 Rxb2 27. Nd6 f3 28. h3 g3 29. fxg3 f2+ 30. Kf1 fxe1=Q+ 31. Kxe1 0-1

[Event "Late-Titled-Tuesday-Blitz-April-30-2024"]
[Site "Chess.com"]
[Date "2024.04.30"]
[Round "11"]
[White "h4parah5"]
[Black "Alex_Sahakyan2006"]
[Result "0-1"]
[WhiteElo "3015"]
[BlackElo "2853"]
[TimeControl "180+1"]
[EndTime "16:03:39 PDT"]
[Termination "Alex_Sahakyan2006 won by checkmate"]

1. Nf3 d5 2. c4 d4 3. b4 c5 4. Bb2 Nf6 5. bxc5 Nc6 6. g3 e5 7. d3 Bxc5 8. Bg2 O-O 9. O-O Re8 10. Ba3 Bxa3 11. Nxa3 Nd7 12. Nd2 Nc5 13. Nb3 Na4 14. Qd2 Qe7 15. Nc2 Bf5 16. Rfe1 Rad8 17. Na5 e4 18. Nxc6 bxc6 19. Qf4 Bg6 20. h4 Nc3 21. Kh2 Qc5 22. Qd2 Bh5 23. e3 exd3 24. Nxd4 Ne4 25.
Bxe4 Rxe4 26. Qxd3 Qe5 27. Qc3 Rxh4+ 28. Kg1 Rh3 29.
Kg2 Bg4 30. Rh1 Qh5 31. Rxh3 Qxh3+ 32. Kg1 h6 33. Qa5 Rxd4 34. exd4 Bf3 35. Qd8+ Kh7 36.
Qh4 Qg2# 0-1

[Event "Late-Titled-Tuesday-Blitz-April-30-2024"]
[Site "Chess.com"]
[Date "2024.04.30"]
[Round "11"]
[White "cthulhuuu"]
[Black "balachess2006"]
[Result "1/2-1/2"]
[WhiteElo "2497"]
[BlackElo "2678"]
[TimeControl "180+1"]
[EndTime "16:03:40 PDT"]
[Termination "Game drawn by repetition"]

1. e4 c5 2. Nf3 Nc6 3. g3 g6 4. Bg2 Bg7 5. O-O e5 6. d3 Nge7 7. Nc3 O-O 8. Nd2 d6 9. Nc4 Be6 10. Nd5 Bxd5 11. exd5 Na5 12. Ne3 b5 13. Bd2 Nb7 14.
a4 a6 15. c3 f5 16. f4 exf4 17. gxf4 Qb6 18. Qb3 Na5 19. Qa2 b4 20. Nc4 Nxc4 21.
Qxc4 bxc3 22. bxc3 Rfb8 23. a5 Qb5 24. Kf2 Qxc4 25.
dxc4 Rb2 26. Ke3 Rab8 27. Kd3 Kf7 28. Bf3 Ng8 29. Rfe1 Bf8 30. Re2 Nf6 31. h4 h5 32.
Bc1 Rxe2 33. Bxe2 Ne4 34. Bf3 Nf6 35. Kc2 Be7 36. Be3 Bd8 37. Bf2 Rb7 38. Ra2 Ng4 39. Bxg4 hxg4 40. Ra1 Kg8 41. Kd3 Bf6 42. Re1 Kf7 43. Kc2 Bd8 44. Ra1 Re7 45. Kd3 Rb7 46.
Kc2 1/2-1/2

[Event "Late-Titled-Tuesday-Blitz-April-30-2024"]
[Site "Chess.com"]
[Date "2024.04.30"]
[Round "11"]
[White "TigrVShlyape"]
[Black "CarlosjPineror"]
[Result "1/2-1/2"]
[WhiteElo "2944"]
[BlackElo "2740"]
[TimeControl "180+1"]
[EndTime "16:03:42 PDT"]
[Termination "Game drawn by repetition"]

1. d4 Nf6 2. Nf3 d6 3. Bf4 g6 4. c3 Bg7 5. Nbd2 O-O 6. e4 Nc6 7. Be2 Bg4 8. O-O Bxf3 9. Bxf3 e5 10. dxe5 Nxe5 11. Be2 Re8 12. Re1 a5 13. a4 Qe7 14.
Bb5 c6 15. Bf1 h6 16. h3 g5 17. Bg3 Rad8 18. Nb3 Ng6 19. Bd3 Qc7 20. Qc2 Nd7 21. Nd4 Be5 22. Nf5 Bxg3 23. fxg3 Kh7 24. Bc4 Nde5 25.
Ba2 Qb6+ 26. Kh2 Ne7 27. Nd4 c5 28. Nb5 Kg7 29. Rad1 c4 30. Rd4 Qc5 31. Na3 d5 32.
exd5 Nxd5 33. Qd2 Rd7 34. Nxc4 Nxc4 35. Rxc4 Qf8 36. Rxe8 Qxe8 37. Rd4 Nf6 38. Bb1 Re7 39. Bd3 Re3 40. Qf2 Qe5 41. Bc4 h5 42. h4 gxh4 43. Rxh4 Ng4+ 44. Rxg4+ hxg4 45. Qxf7+ Kh6 46. Qf8+ Qg7 47.
Qf4+ Qg5 48. Qf8+ Qg7 49. Qf4+ Qg5 50. Qf8+ Qg7 1/2-1/2

[Event "Late-Titled-Tuesday-Blitz-April-30-2024"]
[Site "Chess.com"]
[Date "2024.04.30"]
[Round "11"]
[White "djano"]
[Black "FredddieCroderg"]
[Result "1-0"]
[WhiteElo "2594"]
[BlackElo "2439"]
[TimeControl "180+1"]
[EndTime "16:03:47 PDT"]
[Termination "djano won by resignation"]

1. Nf3 d5 2. c4 e6 3. e3 Nf6 4. b3 Be7 5. Qc2 O-O 6. g4 Nxg4 7. Rg1 Nf6 8. Bb2 c5 9. cxd5 exd5 10. Ng5 h6 11.
Bxf6 hxg5 12. Bb2 Nc6 13. a3 d4 14. d3 Bf6 15. e4 Ne5 16. Nd2 g4 17. O-O-O Be6 18.
Be2 b5 19. h3 c4 20. bxc4 bxc4 21. Nxc4 Nxc4 22. dxc4 gxh3 23. f4 Qc8 24. e5 Be7 25. Bd3 Rb8 26. f5 Rxb2 27. Kxb2 Qa6 28. Qb3 Bxa3+ 29.
Qxa3 Rb8+ 30. Ka2 Bxc4+ 31. Bxc4 Qxc4+ 32. Ka1 Rb3 33. Qa5 Rb6 34. Rc1 Qd3 35. Rgd1 Qe2 36.
Rd2 Qxe5 37. Qxe5 d3 38. Rc8+ 1-0

[Event "Late-Titled-Tuesday-Blitz-April-30-2024"]
[Site "Chess.com"]
[Date "2024.04.30"]
[Round "11"]
[White "CarrotsandPizza"]
[Black "Blampman"]
[Result "1-0"]
[WhiteElo "2578"]
[BlackElo "2438"]
[TimeControl "180+1"]
[EndTime "16:03:47 PDT"]
[Termination "CarrotsandPizza won by resignation"]

1. e4 c5 2. Nf3 e6 3. d4 cxd4 4. Nxd4 Nc6 5. Nxc6 bxc6 6. Nd2 Qc7 7. Bd3 Rb8 8. O-O Nf6 9. Re1 e5 10. Nc4 Bc5 11.
Bg5 Be7 12. Bd2 O-O 13. Ba5 Qb7 14. Nxe5 Qxb2 15. Nc4 Qb7 16. e5 Nd5 17. Qh5 g6 18.
Qh6 Qb5 19. Bc7 Nxc7 20. Re3 d5 21. exd6 Bf6 22. dxc7 Rb7 23. Nd6 Qb2 24. Rae1 Rxc7 25. Nxc8 Rcxc8 26. Rh3 Rfe8 27. Qxh7+ Kf8 28. Rd1 Bg7 29.
Qh4 Qf6 30. Qb4+ c5 31. Qb3 Qe6 32. Bc4 Qg4 33. Rf3 Rc7 34. h3 Qe4 35. Bxf7 Rb7 36. Bd5+ Qxf3 37. Qxf3+ 1-0

[Event "Late-Titled-Tuesday-Blitz-April-30-2024"]
[Site "Chess.com"]
[Date "2024.04.30"]
[Round "11"]
[White "Cacriefils1984"]
[Black "masterofpuppets2"]
[Result "0-1"]
[WhiteElo "2352"]
[BlackElo "2457"]
[TimeControl "180+1"]
[EndTime "16:03:48 PDT"]
[Termination "masterofpuppets2 won by checkmate"]

1. e4 e5 2. Nf3 Nc6 3. Bc4 Nf6 4. Ng5 d5 5. exd5 Na5 6. Bb5+ c6 7. dxc6 bxc6 8. Bd3 Nd5 9. h4 Nf4 10. Bf1 h6 11.
Ne4 Be7 12. g3 Nd5 13. Nec3 O-O 14. Bg2 f5 15. d3 f4 16. Qe2 Kh8 17. a3 fxg3 18.
fxg3 Rb8 19. b4 Nb7 20. Bb2 a5 21. b5 Nc5 22. a4 Nxc3 23. Nxc3 Qd4 24. Nd1 Qd7 25.
Bxc6 Qd8 26. Ne3 e4 27. dxe4 Be6 28. Rf1 Qc7 29. Nd5 Qxg3+ 30. Kd2 Bxh4 31. Rg1 Bg5+ 32. Kd1 Qxg1+ 33. Qe1 Bg4# 0-1

[Event "Late-Titled-Tuesday-Blitz-April-30-2024"]
[Site "Chess.com"]
[Date "2024.04.30"]
[Round "11"]
[White "ChadBiryani"]
[Black "GlavkonVVS"]
[Result "0-1"]
[WhiteElo "2523"]
[BlackElo "2696"]
[TimeControl "180+1"]
[EndTime "16:03:50 PDT"]
[Termination "GlavkonVVS won by resignation"]

1. c4 Nf6 2. g3 c5 3. Bg2 Nc6 4. Nc3 g6 5. e4 Bg7 6. Nge2 d6 7. O-O a6 8. d4 cxd4 9. Nxd4 Bd7 10. h3 Rc8 11. Nde2 O-O 12. b3 Na5 13. Bb2 b5 14.
cxb5 axb5 15. f4 b4 16. Na4 Bxa4 17. bxa4 Nc4 18. Bd4 e5 19. Bf2 Qa5 20. f5 Rfd8 21. g4 d5 22. exd5 Nxd5 23. Qb3 Nd2 24. Qg3 Nxf1 25. Rxf1 Nc3 26. Nc1 e4 27. Be3 Be5 28. Qh4 Nd5 29. Bg5 Re8 30. Bxe4 Bd4+ 31. Kh1 Rxe4 32.
Nb3 Qa8 33. fxg6 hxg6 34. Nxd4 Rxd4 35. Kg1 Qb7 36. a5 Rc2 37. a6 Qxa6 38. Rxf7 Rd1+ 0-1

[Event "Late-Titled-Tuesday-Blitz-April-30-2024"]
[Site "Chess.com"]
[Date "2024.04.30"]
[Round "11"]
[White "kleber2007"]
[Black "ChEsper99"]
[Result "1-0"]
[WhiteElo "2500"]
[BlackElo "2270"]
[TimeControl "180+1"]
[EndTime "16:03:50 PDT"]
[Termination "kleber2007 won by resignation"]

1. Nf3 Nf6 2. g3 d5 3. Bg2 g6 4.
b3 Bg7 5. Bb2 O-O 6. O-O c6 7.
c4 Bg4 8. d3 Nbd7 9. Nbd2 Re8 10. h3 Bxf3 11. Nxf3 e5 12. cxd5 cxd5 13. e3 Rc8 14.
Rc1 Qe7 15. Rxc8 Rxc8 16. Qa1 Ne8 17. Rc1 Rxc1+ 18. Qxc1 h6 19. Qc8 b6 20. Nd2 Nf6 21. a3 Kh7 22. g4 Qd7 23. Qxd7 Nxd7 24. Bxd5 Nc5 25. Bxf7 Nd6 26. Bc4 b5 27. Bd5 Nxd3 28.
Bc3 Nc5 29. h4 a6 30. h5 gxh5 31. gxh5 Bf6 32. Bb4 Ncb7 33. Ne4 Nxe4 34. Bxe4+ 1-0

[Event "Late-Titled-Tuesday-Blitz-April-30-2024"]
[Site "Chess.com"]
[Date "2024.04.30"]
[Round "11"]
[White "SVijayalakshmi"]
[Black "Anton_Demchenko"]
[Result "0-1"]
[WhiteElo "2573"]
[BlackElo "2878"]
[TimeControl "180+1"]
[EndTime "16:03:53 PDT"]
[Termination "Anton_Demchenko won by checkmate"]

1. d4 Nf6 2. c4 d6 3. Nc3 e5 4. dxe5 dxe5 5. Qxd8+ Kxd8 6. Nf3 Nc6 7. Bg5 Be6 8. O-O-O+ Kc8 9. e4 Nd7 10. Be2 f6 11. Be3 Bc5 12. Rd2 Bxe3 13. fxe3 Nc5 14. Rhd1 a5 15. Nh4 a4 16. Nf5 g6 17. Nh6 Na5 18. Ng4 Rf8 19. Nxf6 Nab3+ 20. axb3 Nxb3+ 21. Kc2 Nxd2 22. Nxh7 Rh8 23. Ng5 Nxc4 24. Nxe6 Nxe3+ 25. Kd3 Nxd1 26. Bxd1 Rxh2 27. Bf3 c6 28. Kc4 Rh1 29. Nf8 Kc7 30. Nxg6 b5+ 31. Kb4 Kb6 32. Ne2 c5+ 33.
Ka3 b4+ 34. Ka2 b3+ 35. Ka3 Ra1# 0-1

[Event "Late-Titled-Tuesday-Blitz-April-30-2024"]
[Site "Chess.com"]
[Date "2024.04.30"]
[Round "11"]
[White "nitpicker"]
[Black "Caterpiller35"]
[Result "0-1"]
[WhiteElo "2248"]
[BlackElo "2468"]
[TimeControl "180+1"]
[EndTime "16:03:54 PDT"]
[Termination "Caterpiller35 won on time"]

1. d4 Nf6 2. c4 g6 3. Nc3 Bg7 4. e4 d6 5. Be2 O-O 6. Nf3 e5 7. O-O Bg4 8. dxe5 Bxf3 9. gxf3 dxe5 10. Qxd8 Rxd8 11. f4 Nc6 12. fxe5 Nxe5 13. Bf4 Nfd7 14. Rfd1 c6 15. Be3 Nb6 16. c5 Nbc4 17. Bg5 f6 18. Bc1 Rxd1+ 19. Nxd1 Rd8 20. b3 Nd2 21. Ne3 f5 22. Bxd2 Rxd2 23. Bc4+ Kf8 24. Rd1 fxe4 25. Rxd2 Nf3+ 26. Kg2 Nxd2 27. Be6 Ke7 28. Bc8 b6 29. Bb7 Kd7 30. cxb6 axb6 31. Nc4 Kc7 32. Ba6 Nb1 33.
Ne3 b5 34. Kf1 Nc3 35. Ke1 Nxa2 36. Kd2 Nb4 0-1

[Event "Late-Titled-Tuesday-Blitz-April-30-2024"]
[Site "Chess.com"]
[Date "2024.04.30"]
[Round "11"]
[White "NovakRatko"]
[Black "manitodeplomo"]
[Result "0-1"]
[WhiteElo "2425"]
[BlackElo "2629"]
[TimeControl "180+1"]
[EndTime "16:03:55 PDT"]
[Termination "manitodeplomo won on time"]

1. d4 c5 2. dxc5 Qa5+ 3. Nc3 Nf6 4. e4 Nxe4 5. Ne2 Nxc3 6. Nxc3 Qxc5 7. Be3 Qa5 8. a3 Nc6 9. b4 Qd8 10. Bc4 e6 11. b5 Na5 12. Bd3 b6 13. O-O Bb7 14.
Qg4 Rc8 15. Ne4 f5 16. Nd6+ Bxd6 17. Qxg7 Rf8 18. Be2 Qh4 19. g3 Qe4 20. Bh5+ Kd8 21. Bg5+ Kc7 22. f3 Qe5 23. Qh6 Kb8 24. Rad1 Ka8 25.
Rfe1 Qc5+ 26. Be3 Qc7 27. Qxh7 Rh8 28. Qg6 Rcg8 29. Qf7 Bxg3 30. Rxd7 Bxe1+ 31. Kf1 Qxh2 32. Kxe1 Qxh5 33. Rxb7 Nxb7 34. Qxe6 Qxf3 0-1

[Event "Late-Titled-Tuesday-Blitz-April-30-2024"]
[Site "Chess.com"]
[Date "2024.04.30"]
[Round "11"]
[White "Synctel"]
[Black "stepanosinovsky"]
[Result "1/2-1/2"]
[WhiteElo "2045"]
[BlackElo "2329"]
[TimeControl "180+1"]
[EndTime "16:03:55 PDT"]
[Termination "Game drawn by agreement"]

1. d4 Nf6 2. Nf3 g6 3. Bf4 Bg7 4. e3 d6 5. h3 O-O 6. Be2 Nbd7 7.
O-O b6 8. Nbd2 Bb7 9. a4 a5 10. c3 Ne4 11. Nxe4 Bxe4 12. Nd2 Bb7 13. Bf3 Bxf3 14. Nxf3 e5 15. dxe5 dxe5 16. Bh2 Qe7 17. Qd5 Rad8 18. Qc6 Nc5 19. Rad1 Nd3 20. e4 Rd6 21.
Qb5 Rfd8 22. Qb3 Nc5 23. Qc2 Rxd1 24. Rxd1 Rxd1+ 25. Qxd1 f6 26. Qd5+ Qe6 27. Qxe6+ Nxe6 28. b4 Bf8 29. bxa5 bxa5 30. Nd2 Nc5 31. Nc4 Nxa4 32.
Nxa5 Nxc3 33. f3 Kf7 34. Kf1 Ke6 35. Bg1 c5 36. Nc4 Kd7 37. Ke1 Kc6 38. Kd2 Nb5 39.
Kd3 Nd4 40. Be3 1/2-1/2

[Event "Late-Titled-Tuesday-Blitz-April-30-2024"]
[Site "Chess.com"]
[Date "2024.04.30"]
[Round "11"]
[White "katharinareinecke"]
[Black "Sesleria"]
[Result "1/2-1/2"]
[WhiteElo "2026"]
[BlackElo "2089"]
[TimeControl "180+1"]
[EndTime "16:03:55 PDT"]
[Termination "Game drawn by repetition"]

1. d4 d5 2. Nf3 Nf6 3. g3 c6 4. Bg2 Bf5 5. O-O e6 6. c4 h6 7.
b3 Be7 8. Bb2 O-O 9. Nbd2 Ne4 10. Nxe4 Bxe4 11. Nd2 Bxg2 12. Kxg2 Bf6 13. e3 c5 14. cxd5 Qxd5+ 15. Nf3 Rd8 16. Rb1 cxd4 17. Bxd4 Bxd4 18. Qxd4 Nc6 19. Qxd5 Rxd5 20. Rfd1 Rad8 21.
Rxd5 Rxd5 22. Rc1 g5 23. Kf1 Kf8 24. Ke2 Ke7 25. h4 g4 26. Ne1 Ne5 27. Rc7+ Rd7 28.
Rxd7+ Kxd7 29. Nd3 Nxd3 30. Kxd3 Kd6 31. e4 Ke5 32.
Ke3 h5 33. a3 f5 34. exf5 exf5 35. f3 a6 36. fxg4 fxg4 37. a4 a5 38. Kd3 Kd5 39.
Ke3 Ke5 40. Kd3 Kd5 41. Ke3 Ke5 1/2-1/2

[Event "Late-Titled-Tuesday-Blitz-April-30-2024"]
[Site "Chess.com"]
[Date "2024.04.30"]
[Round "11"]
[White "KorolDimitriy75"]
[Black "FMalexhdez"]
[Result "1-0"]
[WhiteElo "2360"]
[BlackElo "2209"]
[TimeControl "180+1"]
[EndTime "16:03:56 PDT"]
[Termination "KorolDimitriy75 won by resignation"]

1. d4 Nf6 2. c4 e6 3. Nc3 Bb4 4.
Qc2 c5 5. dxc5 Na6 6. Nf3 Nxc5 7. Bd2 O-O 8. e3 b6 9. Be2 Bb7 10. O-O Nce4 11. Rfd1 Nxd2 12. Rxd2 Rc8 13. Rad1 Bxc3 14. Qxc3 Ne4 15. Qa3 Nxd2 16. Rxd2 Bxf3 17. gxf3 Rc5 18.
Qxa7 Qh4 19. f4 d5 20. Qxb6 Rfc8 21. b3 dxc4 22. bxc4 g5 23. Rd8+ Kg7 24. Qd6 gxf4 25. Qf8+ Kf6 26. Rxc8 Qg5+ 27. Kf1 Rxc8 28. Qxc8 fxe3 29.
Qd8+ 1-0